 Dungeon Crawl Stone Soup version 0.27.1-3-gb3d3a73c9e (webtiles) character file.

Game seed: 2042512613696896542

23 Jabberih the Chiller (level 3, -1/24 HPs)
             Began as a Merfolk Ice Elementalist on Oct 25, 2021.
             Slain by a gnoll (4 damage)
             ... on level 1 of the Dungeon.
             The game lasted 00:01:40 (949 turns).

Jabberih the Chiller (Merfolk Ice Elementalist)      Turns: 949, Time: 00:01:40

Health: -1/24      AC:  5    Str:  8    XL:     3   Next: 0%
Magic:  2/6        EV: 10    Int: 15    God:
Gold:   22         SH:  0    Dex: 14    Spells: 5/6 levels left

rFire    . . .     SeeInvis .   g - +1 short sword
rCold    . . .     Faith    .   (no shield)
rNeg     . . .     Spirit   .   h - +0 ring mail
rPois    .         Reflect  .   (no helmet)
rElec    .         Harm     .   (no cloak)
rCorr    .         Rampage  .   (no gloves)
Will     .....                  (no boots)
Stlth    +.........             (no amulet)
HPRegen  0.08/turn              (no ring)
MPRegen  0.10/turn              (no ring)

@: no status effects
A: (nimble swimmer 2), mertail
a: no special abilities


You were on level 1 of the Dungeon.
You visited 1 branch of the dungeon, and saw 2 of its levels.

You collected 22 gold pieces.

Inventory:

Hand Weapons
 b - a +0 dagger
 g - a +1 short sword (weapon)
Missiles
 c - 5 poisoned darts
 d - 11 stones
Armour
 a - a +0 robe
 h - a +0 ring mail (worn)
Potions
 e - a potion of flight {unknown}
 f - a potion of degeneration {unknown}
 i - a potion of invisibility {unknown}
 j - a potion of curing {unknown}
 k - a potion of haste {unknown}


   Skills:
 - Level 2.6 Dodging
 - Level 2.1 Stealth
 - Level 2.0 Spellcasting
 + Level 5.3 Ice Magic


You had 5 spell levels left.
You knew the following spells:

 Your Spells              Type           Power      Damage    Failure   Level
a - Freeze                Ice            68%        1d8       8%          1

Your spell library contained the following spells:

 Spells                   Type           Power      Damage    Failure   Level
 Frozen Ramparts          Ice            34%        1d5       22%         3
 Ozocubu's Armour         Ice            17%        N/A       22%         3
 Hailstorm                Conj/Ice       9%         3d4       92%         4


Dungeon Overview and Level Annotations

Branches:
Dungeon (2/15)

Altars:


Innate Abilities, Weirdness & Mutations

((You are quick and stealthy near water. (Stealth+, EV+, Speed+++)))
Your lower body shifts to a powerful aquatic tail in water.


Message History

You freeze the gnoll.
The gnoll is moderately wounded.
The gnoll completely misses you.
You freeze the gnoll!
The gnoll is almost dead.
The gnoll hits you but does no damage.
You freeze the gnoll.
You kill the gnoll!
You have reached level 3!
Your experience leads to an increase in your attributes!
Increase (S)trength, (I)ntelligence, or (D)exterity?
You feel clever. 2 gnolls come into view.
The gnoll shouts! x2
You see here a +0 spear.
You see here an inky potion.
k - an inky potion Your magical contamination has completely faded away.
You see here a +0 spear.
There is a stone staircase leading up here.
The gnoll barely misses you. The gnoll closely misses you.
You climb upwards.
There is a stone staircase leading down here.
You hit the gnoll.
The gnoll is lightly wounded.
The gnoll hits you but does no damage.
You hit the gnoll.
The gnoll is moderately wounded.
The gnoll hits you with a +0 whip.
You hit the gnoll.
The gnoll is severely wounded.
The gnoll hits you with a +0 whip.
You hit the gnoll but do no damage.
The gnoll is severely wounded.
The gnoll hits you with a +0 whip. The gnoll hits you with a +0 whip!
* * * LOW HITPOINT WARNING * * *
You hit the gnoll.
The gnoll is severely wounded.
The gnoll hits you with a +0 whip.
You die...

#.# #####.##### #........
###.###.........# ##.#######
........###.###.########[..#
###.....# #.# #..........#.######
#.....# #.# #########..........
#....####.# #.#########
#.........# #.#
####.#.################.#########
..##.#.# ##.....@................
#.##.#.###.......g..#.#.#########
............#########.#.#
....#..###.## #.#.# #.##.### #.#
#.#.##### #.#### #.# #.#.#...#
#.# #.# #.#.....# #.# ######.#
#.###...# '.# #......# #.# ##.##


You could see a gnoll.

Vanquished Creatures
  A gnoll (D:2)
  A dart slug (D:1)
  3 goblins (D:1)
  3 jackals (D:1)
  A bat (D:1)
  3 kobolds (D:1)
12 creatures vanquished.

Notes
Turn   | Place    | Note
-------+----------+-------------------------------------------
     0 | D:1      | Jabberih the Merfolk Ice Elementalist began the quest for
                  | the Orb.
     0 | D:1      | Reached XP level 1. HP: 13/13 MP: 3/3
   286 | D:1      | You fall into a shaft and drop 1 floor!
   362 | D:1      | Reached XP level 2. HP: 18/19 MP: 1/5
   573 | D:1      | Reached skill level 5 in Ice Magic
   936 | D:2      | Reached XP level 3. HP: 24/24 MP: 1/6
   949 | D:1      | Slain by a gnoll

Illustrated notes

Levels and vault maps discovered:
D:1:      wander_arrival_chamber, layout_loops_ring,
          chequers_serial_rivers_small_a
D:2:      layout_basic, shapermc_ecumenical_altar_acropolis,
          minmay_misc_feat_columns

Skill      XL: |  1  2 |
---------------+-------+-----
Ice Magic      | 5 |  5.3
Dodging        | |  2.6
Stealth        | |  2.1
Spellcasting   | |  2.0

Action                   || total
-------------------------++-------
Melee: Dagger            ||    10
       Short sword       ||    10
 Cast: Freeze            ||    17
  Use: Scroll            ||     1
Armor: Robe              ||     2
       Ring mail         ||     6
Dodge: Dodged            ||    17
